AoeStats
← ms.hsieh0710

MegaRandom

510232177Analyzed
2v2 RM · 2d ago on Sep 30, 2026· 55m 1s· 4 players
Game mode
Random Map
Map size
Medium (4 player)
Population
200
Speed
Normal
Resources
Standard
Victory
Conquest
Starting age
Dark Age
Ending age
Imperial Age
RankedLock teamsTeams togetherTeam positionsShared explorationLock speedFull tech treeHidden civsTurbo modeCheats
Victory
Defeat
🇹🇼 Huns · Taiwan
865
+11
🇨🇱 Franks · Chile
815
+14
🇨🇦 Chinese · Canada
780
-13
🇧🇷 Franks · Brazil
740
-12
TanoRider30
11:30 Feudal Age
14:56 Double-Bit Axe
18:01 Fishing Lines
21:42 Castle Age
21:41 Gold Mining
21:46 Stone Mining
22:26 Forging
22:22 Scale Barding Armor
24:22 Bow Saw
25:00 Husbandry
24:21 Light Cavalry
26:17 Gold Shaft Mining
29:03 Wheelbarrow
28:14 Town Watch
28:56 Pikeman
29:36 Squires
29:25 Gambesons
29:28 Arson
30:30 Hand Cart
30:52 Hand Cart
30:41 Treadmill Crane
30:57 Murder Holes
31:35 Fervor
35:28 Imperial Age
34:12 Man-at-Arms
35:17 Gillnets
35:52 Medium Warships
36:03 Medium Warships
36:06 Town Patrol
35:41 Halberdier
35:42 Long Swordsman
38:43 Cavalier
40:17 Conscription
40:33 Ballistics
40:01 Arrowslits
46:13 Chemistry
44:44 Elite Throwing Axeman
47:33 Ordonnance Companies
48:16 Chivalry
51:25 Chain Barding Armor
51:06 Scale Mail Armor
51:41 Iron Casting
50:57 Fletching
51:07 Padded Archer Armor
51:25 Masonry
53:26 Hoardings
56:24 Blast Furnace
55:20 Bodkin Arrow
55:41 Leather Archer Armor
55:43 Chain Mail Armor
56:04 Plate Barding Armor
ms.hsieh0710
3:49 Loom
10:25 Feudal Age
14:05 Wheelbarrow
14:28 Wheelbarrow
14:08 Fishing Lines
18:43 Castle Age
18:20 Double-Bit Axe
19:22 Scale Barding Armor
19:27 Forging
19:00 Horse Collar
19:41 Bow Saw
20:25 Town Watch
21:24 Heavy Plow
24:29 Gillnets
25:01 Town Patrol
25:11 Gold Mining
25:14 Stone Mining
25:39 Squires
25:24 Arson
30:03 Gold Shaft Mining
29:50 Chain Barding Armor
30:05 Iron Casting
29:30 Scale Mail Armor
29:46 Bloodlines
30:32 Hand Cart
30:32 Pikeman
30:58 Arson
32:13 Husbandry
40:38 Imperial Age
38:52 Chain Mail Armor
40:56 Capped Ram
43:33 Siege Ram
45:29 Plate Barding Armor
46:52 Blast Furnace
46:30 Caravan
47:51 Chemistry
47:41 Halberdier
47:48 Light Cavalry
50:20 Cavalier
55:09 Marauders
55:29 Atheism
thiagopri
9:13 Feudal Age
13:11 Double-Bit Axe
15:04 Scale Barding Armor
15:10 Forging
22:46 Castle Age
20:42 Stone Mining
20:46 Gold Mining
24:45 Bow Saw
24:58 Chain Barding Armor
25:14 Iron Casting
25:04 Husbandry
25:54 Loom
29:35 Gold Shaft Mining
39:36 Imperial Age
38:35 Wheelbarrow
40:27 Hand Cart
40:25 Cavalier
42:53 Hoardings
45:54 Paladin
47:04 Elite Throwing Axeman
47:43 Pikeman
48:27 Squires
Fritz_Hoff
10:45 Feudal Age
11:21 Double-Bit Axe
11:56 Loom
12:47 Wheelbarrow
13:03 Horse Collar
16:14 Fletching
17:04 Fishing Lines
20:18 Forging
23:29 Castle Age
22:35 Scale Mail Armor
26:59 Bow Saw
27:01 Thumb Ring
26:17 Crossbowman
26:21 Elite Skirmisher
28:15 Heavy Plow
28:16 Bodkin Arrow
28:21 Padded Archer Armor
29:56 Hand Cart
31:25 Squires
36:39 Pikeman
38:48 Leather Archer Armor
41:18 Imperial Age
42:10 Ballistics
41:47 Murder Holes
41:44 Guard Tower
42:52 Conscription
42:14 Capped Ram
42:50 Arson
43:43 Great Wall
45:32 Arbalester
46:20 Siege Ram
50:05 Iron Casting
50:02 Halberdier
53:18 Chemistry
52:13 Halberdier
55:08 Keep
Connection lost

Rejoining the realm…

Still unreachable

The connection could not be restored.

Session expired

The server has moved on; the page needs a fresh start.